 Dungeon Crawl Stone Soup version 0.32-a0-42-ga30500b4d3 (webtiles) character file.

Game seed: 11232779792355535206

4329 JoadsterXIV the Carver (level 10, -3/76 HPs)
             Began as a Demonspawn Fighter on Jan 30, 2024.
             Was a Follower of Okawaru.
             Slain by a troll (9 damage)
             ... on level 9 of the Dungeon.
             The game lasted 00:13:01 (8549 turns).

JoadsterXIV the Carver (Demonspawn Fighter)         Turns: 8549, Time: 00:13:02

Health: -3/76      AC: 11    Str: 19    XL:     10   Next: 12%
Magic:  0/10       EV: 10    Int:  9    God:    Okawaru [*.....]
Gold:   1660       SH:  5    Dex: 14    Spells: 9/9 levels left

rFire   . . .        q - +7 Throatcutter {drain, coup de grace}
rCold   . . .        c - +0 buckler
rNeg    + . .        b - +0 scale mail
rPois   .            (helmet restricted)
rElec   .            w - +0 cloak
rCorr   .            i - +1 pair of gloves
SInv    .            (no boots)
Will    .....        (no amulet)
Stlth   +            m - ring of positive energy
HPRegen 0.32/turn    (no ring)
MPRegen 0.24/turn

%: guardian spirit
@: no status effects
A: antennae 2, claws 1, spiny 1, magic shield, magic regeneration, weakness
stinger 2
a: Renounce Religion, Heroism


You were on level 9 of the Dungeon.
You worshipped Okawaru.
Okawaru was aware of your devotion.
You visited 2 branches of the dungeon, and saw 10 of its levels.

You collected 1660 gold pieces.

Inventory:

Hand Weapons
 a - a +0 flail
 q - the +7 Throatcutter (weapon) {drain, coup de grace}
   (You found it on level 3 of the Dungeon)
 u - a +0 club
Missiles
 B - 5 throwing nets (quivered)
Armour
 b - a +0 scale mail (worn)
 c - a +0 buckler (worn)
 i - a +1 pair of gloves (worn)
 w - a +0 cloak (worn)
Jewellery
 m - a ring of positive energy (left hand)
 y - a +6 ring of strength
 C - a ring of resist corrosion
 F - a +6 ring of dexterity
Wands
 l - a wand of paralysis (10)
 o - a wand of roots (8)
 D - a wand of flame (21)
Scrolls
 e - a scroll of immolation
 f - a scroll of enchant weapon
 h - 2 scrolls of teleportation
 j - 4 scrolls of revelation
 n - 2 scrolls of torment
 p - a scroll of fog
 t - 2 scrolls of poison {unknown}
 v - a scroll of vulnerability
 A - 2 scrolls of blinking
 E - 3 scrolls of identify
Potions
 d - a potion of might
 g - 2 potions of curing
 k - 2 potions of haste
 s - 3 potions of heal wounds
 x - a potion of magic
 z - 2 potions of brilliance
Miscellaneous
 G - a phial of floods


   Skills:
 + Level 5.9 Fighting
 * Level 9.3 Long Blades
 + Level 3.8 Maces & Flails
 + Level 6.9 Armour
 + Level 2.3 Dodging
 + Level 2.0 Stealth
 + Level 3.9 Shields


You had 9 spell levels left.
You didn't know any spells.
Your spell library contained the following spells:

 Spells                   Type           Power      Damage    Failure   Level
 Slow                     Hex            0%         N/A       80%         1
 Confusing Touch          Hex            0%         N/A       99%         3
 Dazzling Flash           Conj/Hex       0%         N/A       99%         3
 Mephitic Cloud           Conj/Alch/Air  0%         N/A       99%         3
 Sigil of Binding         Hex            0%         N/A       99%         3
 Vampiric Draining        Necr           0%         2d6       99%         3
 Volatile Blastmotes      Fire/Tloc      0%         2d10      99%         3
 Fulminant Prism          Conj/Alch      0%         3d5       100%        4
 Iskenderun's Mystic Bla  Conj/Tloc      0%         2d3       100%        4
 Curse of Agony           Necr           0%         N/A       100%        5
 Lee's Rapid Deconstruct  Erth           0%         3d4*      100%        5
 Silence                  Hex/Air        0%         N/A       100%        5
 Summon Small Mammal      Summ           Unusable   N/A       N/A         1
 Call Canine Familiar     Summ           Unusable   N/A       N/A         3
 Animate Armour           Summ/Erth      Unusable   N/A       N/A         4
 Martyr's Knell           Necr/Summ      Unusable   N/A       N/A         4
 Summon Blazeheart Golem  Fire/Summ      Unusable   N/A       N/A         4
 Summon Lightning Spire   Summ/Air       Unusable   N/A       N/A         4
 Spellforged Servitor     Conj/Summ      Unusable   N/A       N/A         7
 Dragon's Call            Summ           Unusable   N/A       N/A         9

Dungeon Overview and Level Annotations

Branches:
Dungeon (9/15)             Temple (1/1) D:7
   Lair: D:8-11         Orc: D:9-12

Altars:
Ashenzari
Cheibriados
Dithmenos
Fedhas
Gozag
Hepliaklqana
Kikubaaqudgha
Makhleb
Nemelex Xobeh
Okawaru
Qazlal
Ru
Sif Muna
Uskayaw
Vehumet
Wu Jian
Xom
Yredelemnul


Innate Abilities, Weirdness & Mutations

You have a pair of antennae on your head.
You have sharp fingernails.
You are partially covered in sharp spines.
When hurt, damage is shared between your health and your magic reserves.
You regenerate magic rapidly.
You have a tail ending in a sharp stinger.


Message History

You sense a monster nearby.
You start resting.
A troll comes into view.
A troll is nearby!
A troll is nearby!
The troll shouts!
You are too injured to fight recklessly!
You start resting.
A troll is nearby!
You are too injured to fight recklessly!
You are too injured to fight recklessly!
You are too injured to fight recklessly!
You are too injured to fight recklessly!
You are too injured to fight recklessly!
You are too injured to fight recklessly!
You are too injured to fight recklessly!
A hound comes into view.
The hound barks!
Things that are here:
a +0 halberd; a +0 plate armour The troll attacks as it pursues you!
The troll is struck by your spines. The troll bites you! The troll claws you.
The troll misses you. The troll attacks as it pursues you!
The troll is struck by your spines. The troll bites you!
The troll barely misses you. The troll claws you!
* * * LOW HITPOINT WARNING * * *
Things that are here:
a +2 dagger of venom; a +0 robe; an orc corpse The hound pauses to sniff the ground.
Things that are here:
a +0 war axe; an orc corpse The troll attacks as it pursues you!
The troll bites you but does no damage. The troll barely misses you.
You block the troll's attack. The troll attacks as it pursues you!
The troll is struck by your spines. The troll barely misses you.
The troll claws you!
* * * LOW HITPOINT WARNING * * *
The troll claws you.
* * * LOW HITPOINT WARNING * * *
The troll attacks as it pursues you! The troll bites you but does no damage.
The troll claws you!
You die...

###### #.....##
####......#########
..................######
#..........##.........#
#..........##..>......##########
##..........##.........##........
##).........##..@......##........
.#..........####T####............
......................###........
#..<........####h###### #........
#...........# #.# #........
.....)......# #)# #########
..!.........# #)# ###
............# #.# ###..#
.##........#####)#####....#


You could see a troll and a hound.

Vanquished Creatures
  Psyche (D:9)
  Sigmund (D:4)
  A wraith (D:9)
  2 vampires (D:9)
  A steam dragon (D:6)
  An acid dragon (D:9)
  Duvessa (D:4)
  An ice beast (D:7)
  3 orc warriors
  4 black bears
  2 centaurs
  2 phantoms
  A gnoll sergeant (D:8)
  3 bullfrogs
  4 scorpions
  Dowan (D:4)
  4 wights (D:7)
  5 bombardier beetles
  3 jellies
  8 orc priests
  4 hounds
  A gnoll bouda (D:7)
  4 iguanas
  5 orc wizards
  A statue (D:7)
  Robin (D:4)
  22 gnolls
  9 adders
  2 dart slugs
  A ribbon worm (D:5)
  20 orcs
  3 ball pythons
  5 bats
  6 endoplasms
  36 goblins
  37 hobgoblins
  11 kobolds
  3 quokkas
  4 frilled lizards
  4 rats
228 creatures vanquished.

Notes
Turn   | Place    | Note
-------+----------+-------------------------------------------
     0 | D:1      | JoadsterXIV the Demonspawn Fighter began the quest for the
                  | Orb.
     0 | D:1      | Reached XP level 1. HP: 18/18 MP: 1/1
    77 | D:1      | Discovered your monstrous ancestry.
    77 | D:1      | Gained mutation: You have a pair of small antennae on your
                  | head. [demonic ancestry]
    77 | D:1      | Reached XP level 2. HP: 24/24 MP: 2/2
   823 | D:2      | Gained mutation: You are partially covered in sharp spines.
                  | [demonic ancestry]
   823 | D:2      | Reached XP level 3. HP: 16/29 MP: 3/3
  1160 | D:2      | Gained mutation: You regenerate magic rapidly. [demonic
                  | ancestry]
  1160 | D:2      | Reached XP level 4. HP: 29/35 MP: 4/4
  1995 | D:3      | Reached XP level 5. HP: 26/42 MP: 5/5
  2120 | D:3      | Got the Tractate on the Band
  2370 | D:3      | Found a sacrificial altar of Ru.
  2392 | D:3      | Found the +7 Throatcutter {drain, coup de grace}
  2500 | D:3      | Found a faded altar of an unknown god.
  2745 | D:4      | Noticed Sigmund
  2750 | D:4      | Killed Sigmund
  2751 | D:4      | Reached skill level 1 in Long Blades
  2751 | D:4      | Reached skill level 1 in Dodging
  2751 | D:4      | Gained mutation: You have a small tail. [demonic ancestry]
  2751 | D:4      | Reached XP level 6. HP: 37/48 MP: 6/6
  2829 | D:4      | Noticed Robin
  2838 | D:4      | Killed Robin
  2839 | D:4      | Reached skill level 2 in Long Blades
  2913 | D:4      | Found a hide-covered altar of Uskayaw.
  3010 | D:4      | Noticed Duvessa
  3011 | D:4      | Noticed Dowan
  3017 | D:4      | Killed Duvessa
  3019 | D:4      | Killed Dowan
  3020 | D:4      | Gained mutation: When hurt, damage is shared between your
                  | health and your magic reserves. [demonic ancestry]
  3020 | D:4      | Reached XP level 7. HP: 43/54 MP: 7/7
  3072 | D:4      | Reached skill level 3 in Long Blades
  3092 | D:4      | Identified a scroll of acquirement
  3092 | D:4      | Acquired 996 gold pieces
  4123 | D:4      | Found a snail-covered altar of Cheibriados.
  4295 | D:5      | Entered Level 5 of the Dungeon
  4344 | D:5      | Reached skill level 4 in Long Blades
  4464 | D:5      | Gained mutation: You have a tail ending in a sharp stinger.
                  | [demonic ancestry]
  4464 | D:5      | Reached XP level 8. HP: 61/61 MP: 8/8
  4467 | D:5      | Reached skill level 5 in Long Blades
  4945 | D:5      | Reached skill level 1 in Stealth
  5035 | D:5      | Reached skill level 5 in Armour
  5145 | D:5      | Reached skill level 6 in Long Blades
  5577 | D:6      | Reached skill level 5 in Fighting
  5950 | D:6      | Reached skill level 7 in Long Blades
  6081 | D:6      | Found a basalt altar of Yredelemnul.
  6460 | D:6      | Gained mutation: You have sharp fingernails. [demonic
                  | ancestry]
  6460 | D:6      | Reached XP level 9. HP: 66/68 MP: 9/9
  7045 | D:7      | Found a radiant altar of Vehumet.
  7052 | D:7      | Reached skill level 8 in Long Blades
  7359 | D:7      | Found a staircase to the Ecumenical Temple.
  7388 | Temple   | Entered the Ecumenical Temple
  7432 | Temple   | Became a worshipper of Warmaster Okawaru
  7963 | D:8      | Found a stormy altar of Qazlal.
  8129 | D:8      | Found a hazy altar of Hepliaklqana.
  8178 | D:9      | Noticed Psyche
  8184 | D:9      | Killed Psyche
  8300 | D:9      | Reached * piety under Okawaru
  8301 | D:9      | Reached skill level 9 in Long Blades
  8437 | D:9      | Gained mutation: You have a pair of antennae on your head.
                  | [demonic ancestry]
  8437 | D:9      | Reached XP level 10. HP: 69/76 MP: 10/10
  8492 | D:9      | Noticed a two-headed ogre
  8549 | D:9      | Slain by a troll

Illustrated notes

Levels and vault maps discovered:
D:1:      heliophobic_arrival_ceremonial_halls, layout_basic
D:2:      layout_basic
D:3:      layout_basic, nicolae_ru_sacrificial_ziggurat,
          dreamdust_ecumenical_altar_statues
D:4:      layout_basic, chei_slow_surprise, mainiacjoe_overflow_divided_tiny,
          uniq_sigmund, uniq_robin, uniq_duvessa
D:5:      minmay_goblin_kobold_castle, layout_loops_corners, corner_web_ring,
          hangedman_minor_gate_pass
D:6:      black_bear_nest_2, layout_basic, kennysheep_ying_yang,
          grunt_ministairs_10
D:7:      layout_loops_cross, vehumet_statue, minmay_temple_entry_arrows
D:8:      layout_basic, worldfamousw_hep_ancestral_shrine,
          mainiacjoe_overflow_brackets, minivault_1, corexii_leaking_fountain
D:9:      layout_rooms, erik_lair_island, serial_shops, shop, uniq_psyche
Temple:   chequers_temple_sunken

Skill      XL: |  1  2  3  4  5  6  7  8  9 |
---------------+----------------------------+-----
Armour         | 3 4 5 6 |  6.9
Maces & Flails | 2 3 |  3.8
Shields        | 3 |  3.9
Fighting       | 4 5 |  5.9
Long Blades    | 1 2 4 7 9 |  9.3
Dodging        | 1 2 |  2.3
Stealth        | 1 2 |  2.0

Action                     |  1- 3 |  4- 6 |  7- 9 | 10-12 || total
---------------------------+-------+-------+-------+-------++-------
  Melee: Flail             |    86 |    57 |       |       ||   143
         Long sword        |       |    30 |   252 |    12 ||   294
         Tailslap          |       |       |    23 |     3 ||    26
    Use: Scroll            |       |       |    14 |       ||    14
         Potion            |       |       |     6 |     2 ||     8
 Armour: Scale mail        |    85 |    66 |   232 |    40 ||   423
  Dodge: Dodged            |    49 |    33 |   132 |    19 ||   233
  Block: Buckler           |    24 |    20 |    62 |     5 ||   111

Table legend: (Time is in decaauts)
 A = Elapsed time spent in this place.
 B = Non-inter-level travel time spent in this place.
 C = Inter-level travel time spent in this place.
 D = Time resting spent in this place.
 E = Time spent auto-exploring this place.
 F = Levels seen in this place.
 G = Mean time per level.
                   A        B        C        D        E       F      G
               +--------+--------+--------+--------+--------+-----+--------+
         Total |   8639 |   8046 |    593 |   1173 |   5513 |  10 |  863.9 |
       Dungeon |   8574 |   8012 |    562 |   1173 |   5513 |   9 |  952.7 |
        Temple |     64 |     33 |     31 |      0 |      0 |   1 |   64.0 |
               +--------+--------+--------+--------+--------+-----+--------+

Top non-repeatable levels by time:
     D:4: 1667 daAuts
     D:5: 1260 daAuts
     D:2: 1217 daAuts
     D:6: 1154 daAuts
     D:1: 801 daAuts
     D:7: 773 daAuts
     D:8: 667 daAuts
     D:3: 652 daAuts
     D:9: 381 daAuts
  Temple: 64 daAuts
